[Event "Titled Tuesday Blitz May 25 2021"]
[White "Nesterov, Arseniy"]
[Black "Kjartansson, David"]
[WhiteFideId "24198455"]
[BlackFideId "2301130"]
[WhiteElo "2814"]
[BlackElo "2578"]
[Result "1-0"]
[Round "05"]
[TimeControl "180+1"]
[Date "2021.05.25"]
[WhiteClock "0:00:13"]
[BlackClock "0:00:01"]

1. d4 Nf6 2. c4 e6 3. Nf3 Bb4+ 4. Bd2 c5 5. Bxb4 cxb4 6. g3 b6 7. Bg2 Bb7 8. O-O O-O 9. a3 Qe7 10. axb4 Qxb4 11. Qc2 Rc8 12. b3 Be4 13. Qc3 Nc6 14. Qxb4 Nxb4 15. Nc3 d5 16. Nxe4 Nxe4 17. Ne5 Nc2 18. Bxe4 Nxa1 19. cxd5 Nxb3 20. dxe6 fxe6 21. Bxa8 Rxa8 22. Nc6 a5 23. e4 a4 24. d5 Kf7 25. Rb1 b5 26. d6 Ke8 27. Nb4 Kd7 28. e5 Rc8 29. Rb2 g5 30. Re2 Rc4 31. Nc2 g4 32. Ne3 Rc1+ 33. Kg2 h5 34. Nc2 Nc5 35. Nd4 b4 36. f3 b3 37. fxg4 hxg4 38. Rf2 Ne4 39. Rf7+ Kc8 40. d7+ Kc7 41. Nxe6+ Kc6 42. d8=Q Rc2+ 43. Kf1 Nd2+ 44. Ke1 Nf3+ 45. Rxf3 1-0


[Site "https://www.chess.com"]

[Event "Titled Tuesday Blitz May 25 2021"]
[White "Nguyen, Ngoc Truong Son"]
[Black "Eternauta2400"]
[WhiteFideId "12401110"]
[WhiteElo "2596"]
[BlackElo "2461"]
[Result "1-0"]
[Round "05"]
[TimeControl "180+1"]
[Date "2021.05.25"]
[WhiteClock "0:00:20"]
[BlackClock "0:00:26"]

1. e4 e5 2. Nf3 Nc6 3. Bb5 a6 4. Bxc6 dxc6 5. d4 exd4 6. Qxd4 Qxd4 7. Nxd4 Bd7 8. Nc3 O-O-O 9. Be3 Bd6 10. O-O-O Ne7 11. f4 Rhe8 12. Nf3 Bg4 13. e5 Bxf3 14. gxf3 Bb4 15. Ne4 Nf5 16. Bf2 h6 17. c3 Bf8 18. Kc2 Rxd1 19. Rxd1 Rd8 20. Rf1 b6 21. h4 Be7 22. h5 g6 23. Rh1 Rg8 24. Kd3 c5 25. Ke2 Kd7 26. a4 a5 27. Ng3 Nxg3+ 28. Bxg3 gxh5 29. Kf2 f6 30. Rxh5 fxe5 31. fxe5 Bf8 32. f4 c4 33. f5 Rg5 34. Rxg5 hxg5 35. e6+ Kc6 36. f6 Bc5+ 37. Kf3 Bd6 38. Bxd6 Kxd6 39. e7 Kd7 40. Kg4 Ke8 41. Kxg5 Kf7 42. Kf5 c6 43. Ke5 b5 44. Kd6 1-0


[Site "https://www.chess.com"]

[Event "Titled Tuesday Blitz May 25 2021"]
[White "Nguyen, Van Huy"]
[Black "Budiarti, Farah Yumna"]
[WhiteFideId "12401064"]
[BlackFideId "7107331"]
[WhiteElo "2443"]
[BlackElo "2514"]
[Result "1-0"]
[Round "05"]
[TimeControl "180+1"]
[Date "2021.05.25"]
[WhiteClock "0:00:43"]
[BlackClock "0:00:02"]

1. d4 Nf6 2. Nf3 d5 3. c4 c6 4. Qb3 e6 5. g3 Bd6 6. Bg2 O-O 7. O-O Nbd7 8. Nc3 b6 9. e4 Nxe4 10. Nxe4 dxe4 11. Ng5 Bb7 12. Nxe4 Be7 13. Bf4 c5 14. Nf6+ Bxf6 15. Bxb7 cxd4 16. Bxa8 Qxa8 17. f3 e5 18. Bd2 Nc5 19. Qd1 e4 20. fxe4 Nxe4 21. Bf4 d3 22. Qxd3 Rd8 23. Qf3 Bd4+ 24. Kg2 g5 25. Rae1 f5 26. Bxg5 Nxg5 27. Qxa8 Rxa8 28. Rxf5 h6 29. Re7 Bc5 30. Re2 Rd8 31. h4 Nf7 32. Rd5 Rxd5 33. cxd5 Kg7 34. g4 Nd6 35. Re7+ Kf6 36. Rxa7 Nc4 37. b3 Ne3+ 38. Kf3 Nxd5 39. a4 Ne7 40. Ke4 Ng6 41. h5 Ne5 42. a5 bxa5 43. Ra6+ Kg5 44. Kxe5 Kxg4 45. Rxh6 1-0


[Site "https://www.chess.com"]

[Event "Titled Tuesday Blitz May 25 2021"]
[White "Nitish Belurkar"]
[Black "Acor, Corey"]
[WhiteFideId "5084768"]
[BlackFideId "2024861"]
[WhiteElo "2584"]
[BlackElo "2803"]
[Result "1/2-1/2"]
[Round "05"]
[TimeControl "180+1"]
[Date "2021.05.25"]
[WhiteClock "0:00:17"]
[BlackClock "0:00:10"]

1. d4 Nf6 2. Nf3 d6 3. Bg5 Nbd7 4. Nbd2 g6 5. e4 Bg7 6. Bc4 O-O 7. e5 dxe5 8. dxe5 Ng4 9. e6 Nde5 10. exf7+ Nxf7 11. c3 h6 12. Bh4 Kh7 13. O-O Nge5 14. Be2 b6 15. Nc4 Bb7 16. Nfxe5 Nxe5 17. Nxe5 Bxe5 18. Qxd8 Rfxd8 19. Rad1 g5 20. Bg3 Bf4 21. Bxf4 gxf4 22. Rfe1 Kg6 23. Bc4 e5 24. f3 Kf6 25. Kf2 a5 26. a4 Bc6 27. Bb3 b5 28. axb5 Bxb5 29. Rd5 Rxd5 30. Bxd5 Rb8 31. Rd1 a4 32. Rd2 Rd8 33. Ke1 h5 34. Be4 Rxd2 35. Kxd2 h4 36. Ke1 Ke6 37. Kf2 Kd6 38. g4 fxg3+ 39. hxg3 hxg3+ 40. Kxg3 Kc5 41. f4 exf4+ 42. Kxf4 Kc4 43. Bc2 a3 44. bxa3 Kxc3 45. Bd1 c5 46. Ke5 c4 47. Be2 Kb3 48. Bxc4+ Bxc4 49. a4 Kxa4 1/2-1/2


[Site "https://www.chess.com"]

[Event "Titled Tuesday Blitz May 25 2021"]
[White "Nouri, Alekhine"]
[Black "Skuhala, Barbara"]
[WhiteFideId "5216184"]
[BlackFideId "14605465"]
[WhiteElo "1894"]
[BlackElo "2156"]
[Result "1-0"]
[Round "05"]
[TimeControl "180+1"]
[Date "2021.05.25"]
[WhiteClock "0:01:11"]
[BlackClock "0:00:09"]

1. e4 c5 2. Nc3 a6 3. g3 b5 4. Bg2 Bb7 5. Nh3 e6 6. O-O Ne7 7. f4 d5 8. d3 g6 9. f5 gxf5 10. exf5 Nxf5 11. Rxf5 exf5 12. Nf4 Bg7 13. Ncxd5 Bxd5 14. Nxd5 O-O 15. Bf4 Ra7 16. Qh5 Nc6 17. c3 Rd7 18. Qxf5 Ne7 19. Nxe7+ Rxe7 20. Be4 Rxe4 21. Qxe4 Re8 22. Qf3 b4 23. Bd2 a5 24. Rf1 Qe7 25. d4 cxd4 26. cxb4 axb4 27. Bxb4 Qd7 28. Re1 Rxe1+ 29. Bxe1 d3 30. Bd2 Bxb2 31. Qe4 Bg7 32. a4 h6 33. a5 h5 34. Kg2 Qb5 35. Qa8+ Kh7 36. a6 f5 37. Qb7 Qe5 38. Qf3 Qd4 39. Qxf5+ Kg8 40. Qe6+ Kh7 41. Qf5+ Kg8 42. Qxh5 Qb2 43. Qe8+ Kh7 44. Qe4+ Kg8 45. Qxd3 Qa2 46. h4 Qa4 47. h5 Kh8 48. h6 Bf8 49. Bc3+ 1-0


[Site "https://www.chess.com"]

[Event "Titled Tuesday Blitz May 25 2021"]
[White "Ognean, Mihnea-Ionut"]
[Black "Wieczorek, Oskar"]
[WhiteFideId "1232347"]
[BlackFideId "1133950"]
[WhiteElo "2012"]
[BlackElo "2258"]
[Result "0-1"]
[Round "05"]
[TimeControl "180+1"]
[Date "2021.05.25"]
[WhiteClock "0:00:14"]
[BlackClock "0:00:06"]

1. e4 e5 2. Nf3 Nc6 3. Bc4 Bc5 4. O-O Nf6 5. d3 d6 6. c3 a5 7. a4 h6 8. Na3 O-O 9. Nc2 Bb6 10. Be3 Bxe3 11. Nxe3 Be6 12. Nd5 Bxd5 13. exd5 Ne7 14. d4 e4 15. Nd2 c6 16. dxc6 bxc6 17. Re1 d5 18. Bf1 Rb8 19. Nb3 Nd7 20. c4 Rb4 21. Qc2 Nf5 22. Qc3 Qb6 23. cxd5 Rxb3 24. Qxc6 Nf6 25. Bc4 Rxb2 26. Qxb6 Rxb6 27. Rab1 Rxb1 28. Rxb1 Nxd4 29. h3 Rd8 30. Rd1 Nf5 31. Kf1 Nd6 32. Bb3 Rb8 33. Bc2 Rb2 34. Rc1 Nxd5 35. Bd1 Rd2 36. Bg4 f5 37. Bh5 Kf8 38. Rc6 Ke7 39. g3 e3 40. fxe3 Nxe3+ 41. Ke1 Rd4 42. Ra6 Nec4 43. Ra7+ Kf6 44. Bf3 g6 45. Kf2 Rd2+ 46. Kf1 h5 47. h4 Ne5 48. Be2 Ndc4 49. Ra6+ Kg7 50. Re6 Rd5 51. Re7+ Kf6 52. Ra7 Rc5 53. Ra6+ Kg7 54. Kf2 Nd2 55. Ra7+ Kf6 56. Ra6+ Kg7 57. Ra7+ Kh6 58. Re7 Nc6 59. Re8 Nd4 60. Rd8 Nxe2 61. Rxd2 Nc3 62. Rd4 Ne4+ 63. Kf3 Rc3+ 64. Kf4 Rxg3 65. Rxe4 Rg4+ 0-1


[Site "https://www.chess.com"]

[Event "Titled Tuesday Blitz May 25 2021"]
[White "Ozen, Bahadir"]
[Black "Ingebretsen, Jens E"]
[WhiteFideId "6337058"]
[BlackFideId "1522965"]
[WhiteElo "2503"]
[BlackElo "2072"]
[Result "1-0"]
[Round "05"]
[TimeControl "180+1"]
[Date "2021.05.25"]
[WhiteClock "0:02:11"]
[BlackClock "0:02:36"]

1. d4 e6 2. Nf3 Nf6 3. c4 d5 4. Nc3 c6 5. Bg5 Nbd7 6. e3 Be7 7. Bd3 Nf8 8. O-O Ng6 9. Rb1 O-O 10. Qc2 dxc4 11. Bxc4 h6 12. Bxf6 Bxf6 13. Bd3 Nh4 14. Nxh4 Bg5 15. Nf3 1-0


[Site "https://www.chess.com"]

[Event "Titled Tuesday Blitz May 25 2021"]
[White "Petriashvili, Nikoloz"]
[Black "Kovalev, Vladislav"]
[WhiteFideId "13611216"]
[BlackFideId "13504398"]
[WhiteElo "2430"]
[BlackElo "2573"]
[Result "1-0"]
[Round "05"]
[TimeControl "180+1"]
[Date "2021.05.25"]
[WhiteClock "0:00:08"]
[BlackClock "0:00:20"]

1. d4 Nf6 2. c4 g6 3. Nc3 Bg7 4. e4 d6 5. Be2 O-O 6. Be3 c5 7. d5 e6 8. Nf3 exd5 9. cxd5 Re8 10. Nd2 Na6 11. O-O Nc7 12. a4 b6 13. Bg5 h6 14. Bh4 Rb8 15. Re1 a6 16. Bf1 b5 17. axb5 axb5 18. b4 cxb4 19. Na2 Ra8 20. Nxb4 Rxa1 21. Qxa1 g5 22. Bg3 Nxe4 23. Qc1 Nxg3 24. Rxe8+ Nxe8 25. hxg3 Bd7 26. Nb3 Qb6 27. Nc6 Nc7 28. Nb4 Be5 29. g4 Na6 30. Nc6 Nc5 31. Nxe5 Nxb3 32. Nxd7 Qxf2+ 33. Kxf2 Nxc1 34. Bxb5 Nb3 35. Ke3 Kg7 36. Bc4 Na5 37. Kd4 Nb7 38. Ba6 Nd8 39. Nb6 f5 40. gxf5 Kf6 41. Nc4 h5 42. Bc8 Nf7 43. Be6 h4 44. Bxf7 g4 45. Ke3 h3 46. gxh3 gxh3 47. Kf3 Kxf7 48. Nxd6+ Kf6 49. Nb7 Ke5 50. Kg3 Kxf5 51. d6 Ke6 52. Kxh3 Kd7 53. Kg4 Kc6 54. Kf5 Kxb7 55. Ke6 Kc8 56. Ke7 1-0


[Site "https://www.chess.com"]

[Event "Titled Tuesday Blitz May 25 2021"]
[White "Praggnanandhaa R"]
[Black "Kazakouski, Valery"]
[WhiteFideId "25059530"]
[BlackFideId "13507443"]
[WhiteElo "2555"]
[BlackElo "2546"]
[Result "0-1"]
[Round "05"]
[TimeControl "180+1"]
[Date "2021.05.25"]
[WhiteClock "0:00:12"]
[BlackClock "0:00:15"]

1. Nf3 Nf6 2. d4 e6 3. Bf4 b6 4. e3 Be7 5. h3 O-O 6. c4 Bb4+ 7. Nc3 Bb7 8. Bd3 Be4 9. Be2 d6 10. O-O Bxc3 11. bxc3 Nbd7 12. Bh2 Qe7 13. Nd2 Bb7 14. f3 c5 15. Bd3 Rac8 16. a4 d5 17. Qe2 e5 18. Rae1 Rfe8 19. Kh1 h6 20. Qd1 Ba6 21. Qb3 Qf8 22. Be2 exd4 23. cxd4 cxd4 24. exd4 Rxe2 25. Rxe2 dxc4 26. Qc3 Nd5 27. Qc2 c3 28. Ne4 Bxe2 29. Qxe2 Qa3 30. Nd6 Rf8 31. Bg3 Qxa4 32. Kh2 Qc6 33. Ra1 a5 34. Nf5 N7f6 35. Be5 Re8 36. Qa2 Nd7 37. Bxg7 Qe6 38. Qc2 Nb4 39. Qf2 Qxf5 40. Bxh6 Qg6 41. Be3 Nd5 42. Bc1 N7f6 43. Ra3 Qd3 44. Qg3+ Qg6 45. Qd6 Re2 46. Qb8+ Kh7 47. Qg3 Qxg3+ 48. Kxg3 Re1 49. Bg5 c2 50. Ra2 c1=Q 51. Bxc1 Rxc1 52. Kh4 Rc4 53. g4 a4 54. g5 Rxd4+ 55. Kg3 Nh5+ 56. Kg2 Kg6 57. h4 Rxh4 58. f4 Rxf4 59. Re2 Rg4+ 60. Kh3 Nhf4+ 61. Kxg4 Nxe2 62. Kf3 Nd4+ 63. Ke4 a3 64. Ke5 a2 65. Ke4 a1=Q 66. Ke5 Ne6+ 67. Kd6 Qa3+ 68. Ke5 Ne7 69. Ke4 Qd6 70. Ke3 Qf4+ 71. Kd3 Nc5+ 72. Kc3 Nd5+ 73. Kc2 Qc4+ 74. Kd2 Qd3+ 0-1


[Site "https://www.chess.com"]

[Event "Titled Tuesday Blitz May 25 2021"]
[White "Pridorozhni, Aleksei"]
[Black "Hess, Robert"]
[WhiteFideId "4127870"]
[BlackFideId "2022036"]
[WhiteElo "2565"]
[BlackElo "2557"]
[Result "1-0"]
[Round "05"]
[TimeControl "180+1"]
[Date "2021.05.25"]
[WhiteClock "0:00:59"]
[BlackClock "0:00:01"]

1. e4 d6 2. d4 Nf6 3. f3 c6 4. c4 e5 5. d5 Be7 6. Nc3 O-O 7. Be3 cxd5 8. cxd5 Ne8 9. Qd2 f5 10. Bd3 Bh4+ 11. g3 Be7 12. O-O-O Na6 13. h3 Nc5 14. Bc2 b6 15. g4 fxe4 16. fxe4 Ba6 17. b4 Nd7 18. Nge2 Rc8 19. Ng3 Rf3 20. Nf5 Bf6 21. b5 Bb7 22. Rdf1 Rf4 23. Ne2 g6 24. Nh6+ Kg7 25. Nxf4 exf4 26. Bxf4 Bc3 27. Qf2 Nef6 28. g5 Nxe4 29. Bxe4 Bd4+ 30. Kb1 Bxf2 31. Rxf2 Nc5 32. Bc2 Rc7 33. Bc1 Qe8 34. Bb2+ 1-0


[Site "https://www.chess.com"]

[Event "Titled Tuesday Blitz May 25 2021"]
[White "Provotorov, Ivan"]
[Black "Stalri"]
[WhiteFideId "4154657"]
[WhiteElo "2244"]
[BlackElo "2286"]
[Result "0-1"]
[Round "05"]
[TimeControl "180+1"]
[Date "2021.05.25"]
[WhiteClock "0:00:02"]
[BlackClock "0:00:02"]

1. c4 g6 2. Nc3 Bg7 3. d4 c5 4. d5 Bxc3+ 5. bxc3 f5 6. e4 fxe4 7. h4 d6 8. h5 Qa5 9. Bd2 e3 10. fxe3 Bf5 11. e4 Bxe4 12. Qg4 Nf6 13. Qc8+ Qd8 14. Qxb7 Nbd7 15. Nf3 Rb8 16. Qc6 Bxf3 17. gxf3 O-O 18. hxg6 Ne5 19. Qa4 Nxf3+ 20. Kd1 Nxd2 21. gxh7+ Kh8 22. Kxd2 Ne4+ 23. Kc1 e5 24. Rg1 Qf6 25. Rg8+ Rxg8 26. hxg8=Q+ Kxg8 27. Qd1 Qf4+ 28. Kc2 Nf2 29. Qe2 Qf5+ 30. Kc1 Ne4 31. Bg2 Qf4+ 32. Kc2 Ng3 33. Qd2 Qf5+ 34. Kc1 Nf1 35. Qd3 Qf4+ 36. Kc2 Ne3+ 37. Kd2 Nxg2+ 38. Ke2 Qg4+ 39. Kf2 Nf4 40. Qf3 Rb2+ 41. Ke3 Re2+ 42. Qxe2 Qxe2# 0-1


[Site "https://www.chess.com"]

[Event "Titled Tuesday Blitz May 25 2021"]
[White "Quparadze, Giga"]
[Black "Skatchkov, Pavel"]
[WhiteFideId "13602250"]
[BlackFideId "4121848"]
[WhiteElo "2658"]
[BlackElo "2476"]
[Result "1-0"]
[Round "05"]
[TimeControl "180+1"]
[Date "2021.05.25"]
[WhiteClock "0:01:00"]
[BlackClock "0:00:07"]

1. e4 e5 2. Nf3 Nf6 3. Nxe5 d6 4. Nf3 Nxe4 5. d4 d5 6. Bd3 Bd6 7. c4 c6 8. O-O O-O 9. Qc2 Na6 10. a3 f5 11. Ne5 Nac5 12. f4 Nxd3 13. Qxd3 Be6 14. c5 Bxe5 15. fxe5 b6 16. b4 a5 17. Bb2 axb4 18. axb4 Rxa1 19. Bxa1 bxc5 20. bxc5 Qa5 21. Bc3 Qa2 22. Nd2 Qa3 23. Nb1 Qa2 24. Be1 Rb8 25. Nd2 Nxd2 26. Qxd2 Rb2 27. Qg5 h6 28. Qg6 Bf7 29. Qg3 Qc4 30. Bf2 Rc2 31. Qf3 Be6 32. h4 Kf7 33. h5 Qe2 34. Qxe2 Rxe2 35. Ra1 Bd7 36. Ra8 Ke6 37. Rg8 Kf7 38. Rb8 Re4 39. g3 Rg4 40. Kg2 Rg5 41. Be3 Rxh5 42. Rd8 Ke7 43. Rh8 Kf7 44. Bf4 g5 45. Rh7+ Ke6 46. Bd2 g4 47. Bf4 Rh3 48. Rg7 Bc8 49. Rg6+ Kd7 50. e6+ Kd8 51. Rg8+ Ke7 52. Rxc8 Kxe6 53. Rxc6+ Kd7 1-0


[Site "https://www.chess.com"]

[Event "Titled Tuesday Blitz May 25 2021"]
[White "Remizov, Yaroslav"]
[Black "Golizadeh, Asghar"]
[WhiteFideId "34134015"]
[BlackFideId "12505269"]
[WhiteElo "2367"]
[BlackElo "2403"]
[Result "1-0"]
[Round "05"]
[TimeControl "180+1"]
[Date "2021.05.25"]
[WhiteClock "0:00:26"]
[BlackClock "0:00:23"]

1. Nc3 e6 2. g3 d5 3. Bg2 c5 4. e3 Nc6 5. d4 Nf6 6. Nge2 Be7 7. O-O O-O 8. h3 b6 9. b3 Bb7 10. Bb2 Rc8 11. dxc5 bxc5 12. Na4 Qd6 13. c4 Rfd8 14. cxd5 Nxd5 15. Rc1 Ne5 16. Nf4 Nxf4 17. Bxb7 Nxh3+ 18. Kg2 Qc7 19. Bxc8 Rxd1 20. Rfxd1 Ng5 21. Nxc5 Qc6+ 22. e4 Nxe4 23. Bb7 Qb6 24. Bxe4 Bxc5 25. Rxc5 f6 26. Bxe5 Qxc5 27. Rd8+ Kf7 28. Bd6 1-0


[Site "https://www.chess.com"]

[Event "Titled Tuesday Blitz May 25 2021"]
[White "Rostovtsev, Dmitry"]
[Black "Gracia Alvarez, Gerardo Antonio"]
[WhiteFideId "34278320"]
[BlackFideId "5109124"]
[WhiteElo "2143"]
[BlackElo "2148"]
[Result "1-0"]
[Round "05"]
[TimeControl "180+1"]
[Date "2021.05.25"]
[WhiteClock "0:00:47"]
[BlackClock "0:00:04"]

1. e4 c5 2. Nf3 Nc6 3. d4 cxd4 4. Nxd4 g6 5. c4 Nf6 6. Nc3 d6 7. Be2 Nxd4 8. Qxd4 Bg7 9. Qd1 O-O 10. O-O a5 11. Be3 a4 12. Nxa4 Nxe4 13. Nb6 Ra5 14. Nxc8 Qxc8 15. Qc2 Qe6 16. Bf3 f5 17. a3 Rc8 18. Rfe1 Qxc4 19. Qd1 Bxb2 20. Rb1 Nc3 21. Qd2 Nxb1 22. Qxa5 Nc3 23. Bxb7 Rb8 24. Bf3 Qb5 25. Qc7 Qe8 26. Bd4 Ne4 27. Qc4+ Qf7 28. Qxf7+ Kxf7 29. Rb1 Bxd4 30. Rxb8 Bxf2+ 31. Kf1 Bc5 32. Bxe4 fxe4 33. a4 d5 34. Rb5 1-0


[Site "https://www.chess.com"]

[Event "Titled Tuesday Blitz May 25 2021"]
[White "Sadhwani, Raunak"]
[Black "Abdrlauf, Elham"]
[WhiteFideId "35093487"]
[BlackFideId "1533533"]
[WhiteElo "2514"]
[BlackElo "2326"]
[Result "1-0"]
[Round "05"]
[TimeControl "180+1"]
[Date "2021.05.25"]
[WhiteClock "0:00:33"]
[BlackClock "0:00:03"]

1. d4 Nf6 2. Nf3 e6 3. Bf4 d5 4. e3 c5 5. c3 Nc6 6. Bd3 Bd6 7. Bg3 O-O 8. Nbd2 b6 9. Ne5 Qc7 10. f4 Nd7 11. Qh5 f5 12. Bh4 Be7 13. Nxc6 Bxh4+ 14. Qxh4 Qxc6 15. g4 Nf6 16. gxf5 exf5 17. Nf3 Ng4 18. Ne5 Nxe5 19. fxe5 Qg6 20. O-O-O Qg4 21. Qf2 f4 22. e4 cxd4 23. exd5 dxc3 24. bxc3 Bf5 25. Rhg1 Qh3 26. Bxf5 Qxf5 27. e6 Rac8 28. Qd4 g6 29. Rge1 b5 30. d6 Rc4 31. e7 1-0


[Site "https://www.chess.com"]

[Event "Titled Tuesday Blitz May 25 2021"]
[White "Sadovsky, Artem"]
[Black "Tronenkovs, Valdis"]
[WhiteFideId "4155840"]
[BlackFideId "11601558"]
[WhiteElo "2476"]
[BlackElo "2232"]
[Result "1-0"]
[Round "05"]
[TimeControl "180+1"]
[Date "2021.05.25"]
[WhiteClock "0:00:03"]
[BlackClock "0:00:04"]

1. Nf3 Nf6 2. g3 e6 3. Bg2 d5 4. O-O Be7 5. c4 O-O 6. b3 d4 7. Bb2 c5 8. e3 Nc6 9. exd4 cxd4 10. Re1 Re8 11. d3 Bb4 12. Nbd2 e5 13. a3 Bxd2 14. Qxd2 Nd7 15. b4 f6 16. Qe2 Ne7 17. c5 Nf8 18. Nxe5 fxe5 19. Qxe5 Nfg6 20. Bd5+ Qxd5 21. Qxd5+ Nxd5 22. Rxe8+ Kf7 23. Rae1 Nc7 24. Rd8 Bf5 25. Rxa8 Nxa8 26. Bxd4 Bxd3 27. Rd1 Bb5 28. a4 Bxa4 29. Ra1 Bc6 30. Rxa7 Nc7 31. Bb2 Ne7 32. Ra1 Ned5 33. Re1 Nxb4 34. Bxg7 Nd3 35. Re3 Nxc5 36. Be5 N7e6 37. f4 b5 38. f5 Nd8 39. Rc3 Ndb7 40. Bd4 b4 41. Rc1 b3 42. Bxc5 b2 43. Rb1 Nxc5 44. Rxb2 Nd3 45. Rd2 Ne5 46. Kf2 Kf6 47. h3 Kxf5 48. g4+ Kf4 49. Rd4+ Kg5 50. Kg3 Kf6 51. h4 h6 52. Rd6+ Kg7 53. Re6 Nxg4 54. Rxc6 Nf6 55. Kf4 Kf7 56. Kf5 Ng8 57. Rc7+ Ne7+ 58. Ke5 Kf8 59. h5 Kf7 60. Kd6 Kf6 61. Rxe7 Kg5 62. Re5+ Kf4 63. Ke6 1-0


[Site "https://www.chess.com"]

[Event "Titled Tuesday Blitz May 25 2021"]
[White "Samadov, Read"]
[Black "Kollars, Dmitrij"]
[WhiteFideId "13417444"]
[BlackFideId "12909572"]
[WhiteElo "2084"]
[BlackElo "2576"]
[Result "0-1"]
[Round "05"]
[TimeControl "180+1"]
[Date "2021.05.25"]
[WhiteClock "0:00:06"]
[BlackClock "0:01:15"]

1. d4 Nf6 2. c4 g6 3. Nc3 Bg7 4. e4 O-O 5. f4 d6 6. Nf3 e5 7. fxe5 dxe5 8. d5 Na6 9. Bd3 Nc5 10. Bc2 a5 11. Be3 b6 12. O-O Ne8 13. b3 Nd6 14. Nd2 Bd7 15. a3 f5 16. b4 axb4 17. axb4 Rxa1 18. Qxa1 Ncxe4 19. Ncxe4 fxe4 20. Rxf8+ Qxf8 21. Qc3 Nf5 22. Nxe4 Nxe3 23. Qxe3 Qxb4 24. Bd3 Bf5 25. h3 Qe7 26. g4 Bc8 27. d6 cxd6 28. Qxb6 Bf8 29. Qf2 Be6 30. Kg2 Kg7 31. Nc3 h5 32. Qf3 hxg4 33. hxg4 Qg5 34. Kg3 Be7 35. Be2 Qc1 36. Ne4 Bxc4 37. Bxc4 Qxc4 38. g5 d5 39. Nf6 Qf4+ 0-1


[Site "https://www.chess.com"]

[Event "Titled Tuesday Blitz May 25 2021"]
[White "Samsonkin, Artiom"]
[Black "Fayzullaev, Akmal"]
[WhiteFideId "13503111"]
[BlackFideId "14200554"]
[WhiteElo "2513"]
[BlackElo "2264"]
[Result "0-1"]
[Round "05"]
[TimeControl "180+1"]
[Date "2021.05.25"]
[WhiteClock "0:00:04"]
[BlackClock "0:00:11"]

1. e4 c5 2. Nf3 Nc6 3. Bb5 d6 4. d4 cxd4 5. Qxd4 Bd7 6. Bxc6 Bxc6 7. Nc3 e5 8. Qd3 h6 9. O-O Nf6 10. Nd2 Be7 11. Nc4 O-O 12. Ne3 b5 13. Nf5 b4 14. Nd5 Nxd5 15. exd5 Bd7 16. a3 Bxf5 17. Qxf5 Qc8 18. Qd3 bxa3 19. Rxa3 f5 20. f3 Bd8 21. Be3 Bb6 22. Rc3 Bxe3+ 23. Qxe3 Qb7 24. Rc6 Qxb2 25. Rxd6 Rac8 26. Qxa7 Rxc2 27. Rg6 Rf7 28. Qa8+ Kh7 29. Rg3 Qd4+ 30. Kh1 Qf2 31. Rg1 Rfc7 32. Qe8 Qb6 33. h3 Rc1 34. Rxg7+ Kxg7 35. Qxe5+ Kg6 36. Rxc1 Rxc1+ 37. Kh2 Qg1+ 38. Kg3 Qe1+ 39. Kf4 Qxe5+ 40. Kxe5 Rc2 41. g4 fxg4 42. hxg4 Kg5 43. d6 Rd2 44. Ke6 Rd3 45. d7 Kf4 46. Ke7 Kxf3 47. g5 Rxd7+ 48. Kxd7 hxg5 49. Ke6 g4 0-1


[Site "https://www.chess.com"]

[Event "Titled Tuesday Blitz May 25 2021"]
[White "Sanal, Vahap"]
[Black "Ponikarovsky, Alexey"]
[WhiteFideId "6300545"]
[BlackFideId "4122887"]
[WhiteElo "2507"]
[BlackElo "1944"]
[Result "0-1"]
[Round "05"]
[TimeControl "180+1"]
[Date "2021.05.25"]
[WhiteClock "0:00:06"]
[BlackClock "0:00:14"]

1. d4 d5 2. Nf3 Nf6 3. Bf4 e6 4. e3 Bd6 5. Bxd6 Qxd6 6. c4 O-O 7. Nc3 b6 8. cxd5 Nxd5 9. Bd3 Nxc3 10. bxc3 h6 11. Be4 c6 12. Ne5 Bb7 13. O-O Nd7 14. f4 Rab8 15. Qa4 a5 16. Bxc6 Nxe5 17. Bxb7 Ng4 18. Be4 Nxe3 19. Rf3 Ng4 20. Re1 Nf6 21. Bb1 Rfc8 22. h3 Rc7 23. f5 Re7 24. Qc2 Rbe8 25. Re5 exf5 26. Rxe7 Rxe7 27. Qxf5 Qd8 28. Bd3 Qe8 29. Rg3 Kh8 30. Bb5 Re1+ 31. Kf2 Qe7 32. Bd3 Rd1 33. Re3 Rd2+ 34. Kf3 Qd8 35. g4 a4 36. c4 a3 37. d5 Rxa2 38. h4 Rh2 39. g5 hxg5 40. hxg5 a2 41. Re1 Rh5 42. Qf4 Nh7 43. Qe3 Rh3+ 0-1


[Site "https://www.chess.com"]

[Event "Titled Tuesday Blitz May 25 2021"]
[White "Sanchez Alvares, Kelvin Antonio"]
[Black "Erigaisi Arjun"]
[WhiteFideId "3906680"]
[BlackFideId "35009192"]
[WhiteElo "2247"]
[BlackElo "2609"]
[Result "0-1"]
[Round "05"]
[TimeControl "180+1"]
[Date "2021.05.25"]
[WhiteClock "0:00:16"]
[BlackClock "0:01:11"]

1. e4 e6 2. d4 d5 3. Nc3 Nf6 4. Bg5 Be7 5. e5 Nfd7 6. Bxe7 Qxe7 7. f4 a6 8. Qg4 O-O 9. Bd3 f5 10. Qg3 c5 11. Nf3 Nc6 12. dxc5 Nxc5 13. O-O-O b5 14. Qh4 Qxh4 15. Nxh4 Ne4 16. Bxe4 fxe4 17. Ne2 b4 18. g3 a5 19. Ng2 a4 20. Nd4 Bd7 21. Kb1 Nxd4 22. Rxd4 b3 23. cxb3 axb3 24. axb3 Bb5 25. Kc2 Rfc8+ 26. Kd2 Ra2 27. Rb1 Bd3 28. Rxd3 exd3 29. Kxd3 Rb8 30. Kc3 Ra6 31. Ne3 Rc6+ 0-1


[Site "https://www.chess.com"]

[Event "Titled Tuesday Blitz May 25 2021"]
[White "Sarana, Alexey"]
[Black "Visakh N R"]
[WhiteFideId "24133795"]
[BlackFideId "25012223"]
[WhiteElo "2629"]
[BlackElo "2428"]
[Result "1-0"]
[Round "05"]
[TimeControl "180+1"]
[Date "2021.05.25"]
[WhiteClock "0:00:41"]
[BlackClock "0:00:05"]

1. e4 c5 2. Nf3 Nc6 3. d4 cxd4 4. Nxd4 Nf6 5. Nc3 e5 6. Ndb5 a6 7. Nd6+ Bxd6 8. Qxd6 h6 9. Be3 Qe7 10. O-O-O Qxd6 11. Rxd6 b5 12. f3 Bb7 13. Be2 O-O-O 14. Rhd1 Rde8 15. a4 b4 16. Nd5 Nxd5 17. R6xd5 Nb8 18. Rc5+ Nc6 19. Rcd5 Nb8 20. Rd6 Bc6 21. a5 Bb5 22. Bxb5 axb5 23. Rb6 Re6 24. Rxb5 Na6 25. Rbd5 Nb8 26. Bd2 Nc6 27. Rb5 Rd8 28. Bxb4 Nd4 29. Rd5 Rc6 30. c3 f6 31. Kb1 Ne6 32. Be7 Re8 33. Bd6 Nf4 34. Rb5 Kd8 35. a6 1-0


[Site "https://www.chess.com"]

[Event "Titled Tuesday Blitz May 25 2021"]
[White "Savitski, Andrei"]
[Black "Benkovic, Petar"]
[WhiteFideId "13506161"]
[BlackFideId "922641"]
[WhiteElo "2121"]
[BlackElo "2416"]
[Result "1-0"]
[Round "05"]
[TimeControl "180+1"]
[Date "2021.05.25"]
[WhiteClock "0:00:27"]
[BlackClock "0:00:03"]

1. e4 c5 2. Nf3 e6 3. d4 cxd4 4. Nxd4 a6 5. Nc3 b5 6. Bd3 d6 7. O-O Nf6 8. Kh1 Be7 9. f4 Bb7 10. e5 Nd5 11. Qg4 g6 12. Ne4 Nc6 13. Nxe6 fxe6 14. Qxe6 Nd4 15. Qh3 Nf5 16. exd6 Bxd6 17. Ng5 Qd7 18. Re1+ Nde7 19. Ne6 Bd5 20. Bxf5 Qc6 21. Bd3 Ra7 22. Be3 Rb7 23. Bd4 Bxe6 24. Qxe6 Rf8 25. a4 Qd7 26. Qxd7+ Kxd7 27. axb5 axb5 28. Ra5 Nc6 29. Rxb5 Rfb8 30. Rxb7+ Rxb7 31. Bc3 Nb4 32. g3 Nxd3 33. cxd3 Rb5 34. Kg2 Rd5 35. Re3 g5 36. fxg5 Rxg5 37. Re4 Rd5 38. Rd4 Rb5 39. Rh4 h5 40. g4 hxg4 41. Rxg4 Kc6 42. h4 Rf5 43. Rg5 Rf4 44. h5 Be7 45. Rg6+ Kd5 46. h6 Rh4 47. Rg7 Bd6 48. h7 Rh2+ 49. Kf3 Rh3+ 50. Ke2 Rh2+ 51. Kd1 Rh1+ 52. Kc2 Rh2+ 53. Kb3 Rh4 54. Rg5+ Kc6 55. h8=Q Rxh8 56. Bxh8 Kd7 57. Rd5 Kc6 58. Rxd6+ Kxd6 59. Kc4 1-0


[Site "https://www.chess.com"]

[Event "Titled Tuesday Blitz May 25 2021"]
[White "Schmakel, Sam"]
[Black "Khusnutdinov, Rustam"]
[WhiteFideId "2039311"]
[BlackFideId "13701703"]
[WhiteElo "2596"]
[BlackElo "2870"]
[Result "0-1"]
[Round "05"]
[TimeControl "180+1"]
[Date "2021.05.25"]
[WhiteClock "0:00:11"]
[BlackClock "0:00:32"]

1. d4 Nf6 2. c4 c5 3. d5 g6 4. Nc3 Bg7 5. e4 d6 6. h3 O-O 7. Nf3 e6 8. Bd3 exd5 9. exd5 Re8+ 10. Be3 Rxe3+ 11. fxe3 Nbd7 12. O-O Qe7 13. Qd2 Nh5 14. g4 Ng3 15. Rfe1 h5 16. Qg2 hxg4 17. hxg4 Ne5 18. Nxe5 Bxe5 19. Ne4 Qh4 20. Nf2 Bxg4 21. Nxg4 Qxg4 22. Rf1 Kg7 23. Qf3 Qd7 24. Rf2 Rh8 25. Rh2 Rxh2 26. Kxh2 Nf5+ 27. Kg1 Nh4 28. Qe2 Qh3 29. Rf1 f5 30. b3 g5 31. Rf2 g4 32. Bxf5 Qg3+ 33. Kf1 Nf3 34. Bxg4 Qg1# 0-1


[Site "https://www.chess.com"]